 Dungeon Crawl Stone Soup version 0.30.0-13-g156ef70053 (webtiles) character file.

Game seed: 5678008960262694329

814 NateTC the Cudgeller (level 7, -1/65 (76) HPs)
             Began as an Ogre Fighter on May 17, 2023.
             Slain by a gnoll
             ... wielding a +0 flail of draining
              (5 damage)
             ... on level 3 of the Dungeon on May 18, 2023.
             The game lasted 00:06:59 (4047 turns).

NateTC the Cudgeller (Ogre Fighter)                 Turns: 4047, Time: 00:07:00

HP:   -1/65 (76)    AC:  7    Str: 23    XL:     7   Next: 93%
MP:   7/7           EV:  8    Int:  9    God:
Gold: 129           SH:  7    Dex:  8    Spells: 6/6 levels left

rFire   . . .        a - +2 flail
rCold   . . .        c - +0 kite shield
rNeg    . . .        b - +0 robe
rPois   .            (helmet restricted)
rElec   .            n - scarf {shadows}
rCorr   .            (gloves unavailable)
SInv    .            (boots unavailable)
Will    .....        (no amulet)
Stlth   +            j - +4 ring of protection
HPRegen 0.30/turn    (no ring)
MPRegen 0.10/turn

%: no passive effects
@: heavily drained
A: large, unfitting armour, tough skin 1
a: no special abilities


You were on level 3 of the Dungeon.
You visited 1 branch of the dungeon, and saw 4 of its levels.

You collected 129 gold pieces.

Inventory:

Hand Weapons
 a - a +2 flail (weapon)
Armour
 b - a +0 robe (worn)
 c - a +0 kite shield (worn)
 n - a scarf of shadows (worn)
Jewellery
 i - a ring of protection from fire
 j - a +4 ring of protection (left hand)
Scrolls
 g - a scroll of teleportation
Potions
 d - a potion of curing {unknown}
 e - 2 potions of attraction
 f - 2 potions of lignification
 h - a potion of magic {unknown}
 k - 2 potions of mutation {unknown}
 l - a potion of haste {unknown}
 m - 3 potions of heal wounds {unknown}
 o - 2 potions of brilliance {unknown}


   Skills:
 + Level 6.7 Fighting
 * Level 7.1 Maces & Flails
 - Level 2.6 Dodging
 - Level 3.0 Shields


You had 6 spell levels left.
You didn't know any spells.
Your spell library contained the following spells:

 Spells                   Type           Power      Damage    Failure   Level
 Ensorcelled Hibernation  Hex/Ice        0%         N/A       80%         2
 Spider Form              Tmut/Pois      0%         N/A       95%         3
 Anguish                  Hex/Necr       0%         N/A       100%        4


Dungeon Overview and Level Annotations

Branches:
Dungeon (4/15) Zot: 19851
 Temple: D:4-7

Altars:

Annotations:
D:3 1 runed translucent door, Chibi's ghost, amateur SpIE
D:4 Pikel


Innate Abilities, Weirdness & Mutations

You are too large for most types of armour.
You have tough skin. (AC +1)


Message History

The gnoll is severely wounded.
The hound bites you. The gnoll hits you but does no damage.
You feel drained. The gnoll hits you with a +0 club.
You block the hound's attack.
You sock the gnoll!
You kill the gnoll!
The gnoll barely misses you. The hound bites you.
You hit the hound.
The hound is severely wounded.
You block the hound's attack.
The gnoll hits you with a +0 flail of draining.
You feel drained. The hound bites you but does no damage.
You barely miss the hound.
The hound is severely wounded.
The hound bites you.
* * * LOW HITPOINT WARNING * * *
The gnoll hits you but does no damage.
You feel drained. The hound bites you.
* * * LOW HITPOINT WARNING * * *
You block the gnoll's attack.
You sock the hound!
You kill the hound!
You block the gnoll's attack.
You closely miss the gnoll.
The gnoll hits you with a +0 flail of draining.
* * * LOW HITPOINT WARNING * * *
You feel drained.
You barely miss the gnoll.
The gnoll hits you with a +0 flail of draining.
* * * LOW HITPOINT WARNING * * *
You feel drained.
* * * LOW HITPOINT WARNING * * *
You hit the gnoll.
The gnoll is moderately wounded.
The gnoll hits you with a +0 flail of draining.
* * * LOW HITPOINT WARNING * * *
You feel drained.
* * * LOW HITPOINT WARNING * * *
You barely miss the gnoll.
The gnoll is moderately wounded.
The gnoll hits you with a +0 flail of draining.
You die...

.# ######.....##.#
.# #....#.....##'###
## #....#..........#
#....#..........#
#....#..........#
#....####.......#
#....# #.......#
####....########g###
.))......).....)@#
################.#
#.# #.# #.# #.# #.#
#.# #.#


You could see a gnoll.

Vanquished Creatures
  Grinder (D:3)
  Sigmund (D:3)
  3 lemures (D:4)
  A scorpion (D:4)
  A howler monkey (D:3)
  A hound (D:3)
  Jessica (D:2)
  Natasha (thrice) (D:2)
  Terence (D:3)
  2 orc wizards (D:3)
  4 gnolls
  An adder (D:2)
  3 dart slugs
  7 orcs (D:3)
  6 ball pythons
  8 endoplasms
  3 giant cockroaches
  7 hobgoblins
  6 jackals
  3 quokkas
  4 bats
  2 frilled lizards
  9 goblins
  9 kobolds
  7 rats
94 creatures vanquished.

Notes
Turn   | Place    | Note
-------+----------+-------------------------------------------
     0 | D:1      | NateTC the Ogre Fighter began the quest for the Orb.
     0 | D:1      | Reached XP level 1. HP: 24/24 MP: 1/1
    40 | D:1      | Reached skill level 2 in Maces & Flails
   247 | D:1      | Reached XP level 2. HP: 32/32 MP: 2/2
   521 | D:1      | Reached skill level 3 in Maces & Flails
   650 | D:1      | Found a faded altar of an unknown god.
   694 | D:1      | Reached XP level 3. HP: 39/39 MP: 3/3
  1088 | D:2      | Noticed Natasha
  1101 | D:2      | Killed Natasha
  1102 | D:2      | Reached XP level 4. HP: 4/48 MP: 4/4
  1378 | D:2      | Noticed Natasha
  1379 | D:2      | Reached skill level 4 in Maces & Flails
  1394 | D:2      | Killed Natasha
  1413 | D:2      | Noticed Natasha
  1426 | D:2      | Killed Natasha
  1427 | D:2      | Reached XP level 5. HP: 42/54 MP: 5/5
  1749 | D:2      | Noticed Jessica
  1756 | D:2      | Killed Jessica
  1791 | D:2      | Identified the +3 sling of Checkmate {speed, Int+3}
  2326 | D:3      | Reached skill level 5 in Maces & Flails
  2348 | D:3      | Noticed Chibi's ghost (amateur SpIE)
  2575 | D:3      | Reached XP level 6. HP: 63/63 MP: 6/6
  2579 | D:3      | Noticed Grinder
  2616 | D:3      | Noticed Terence
  2636 | D:3      | Found a runed translucent door.
  2656 | D:3      | Killed Terence
  2661 | D:3      | Paralysed by Grinder for 4 turns
  2688 | D:3      | Killed Grinder
  2689 | D:3      | Reached skill level 5 in Fighting
  2689 | D:3      | Reached skill level 6 in Maces & Flails
  2689 | D:3      | Reached XP level 7. HP: 21/74 MP: 7/7
  2937 | D:3      | Noticed Sigmund
  2973 | D:3      | Killed Sigmund
  3488 | D:4      | Reached skill level 7 in Maces & Flails
  3783 | D:4      | Noticed Pikel
  3794 | D:4      | HP: 3/76 [Pikel/+1 whip of flaming (5)]
  3794 | D:4      | HP: 1/76 [Pikel/+1 whip of flaming (2)]
  4046 | D:3      | HP: 3/65 [gnoll/+0 flail of draining (2)]
  4047 | D:3      | Slain by a gnoll

Illustrated notes

Levels and vault maps discovered:
D:1:      zaba_arrival_water, layout_loops_corners,
          ebering_ecumenical_altar_rust
D:2:      layout_basic, serial_aquarium, aquarium_bridge_straight
          [aquarium_subvault_bridge, aquarium_subvault_wall,
          aquarium_subvault_bridge, aquarium_subvault_window],
          aquarium_window_1, aquarium_window_corner, aquarium_window_corner,
          aquarium_window_1, aquarium_view_2e, aquarium_pool_2,
          wad_floor_pattern_untrapped, uniq_natasha, uniq_jessica
D:3:      layout_basic, hellmonk_ghost_happy_afterlife, grunt_decor_arrowhead,
          uniq_grinder, uniq_sigmund, uniq_terence
D:4:      layout_rooms, minmay_temple_entry_glassed_door,
          hangedman_decor_growths, uniq_pikel

Skill      XL: |  1  2  3  4  5  6  7 |
---------------+----------------------+-----
Maces & Flails | 2 3 4 5 6 7 |  7.1
Fighting       | 5 6 |  6.7
Dodging        | |  2.6
Shields        | |  3.0

Action                     |  1- 3 |  4- 6 |  7- 9 || total
---------------------------+-------+-------+-------++-------
  Melee: Flail             |    88 |   121 |   153 ||   362
    Use: Scroll            |     4 |     4 |     5 ||    13
         Potion            |     1 |       |       ||     1
 Armour: Robe              |    35 |    39 |    63 ||   137
  Dodge: Dodged            |    27 |    24 |    60 ||   111
  Block: Kite shield       |    35 |    44 |    67 ||   146
